 Dungeon Crawl Stone Soup version 0.29.1-1-gd02db6906a (webtiles) character file.

Game seed: 10158482525178581959

37 fireball365 the Digger (level 3, -1/26 HPs)
             Began as a Demigod Earth Elementalist on Oct 8, 2022.
             Slain by a gnoll
             ... wielding a +0 spear
              (5 damage)
             ... on level 2 of the Dungeon.
             The game lasted 00:04:21 (831 turns).

fireball365 the Digger (Demigod Earth Elementalist)  Turns: 831, Time: 00:04:21

Health: -1/26      AC:  6    Str: 13    XL:     3   Next: 8%
Magic:  8/9        EV: 12    Int: 17    God:
Gold:   33         SH:  0    Dex: 14    Spells: 5/6 levels left

rFire   . . .      SeeInvis .   e - +0 short sword
rCold   . . .      Faith    .   (no shield)
rNeg    . . .      Spirit   .   a - +0 robe
rPois   .          Reflect  .   (no helmet)
rElec   .          Harm     .   (no cloak)
rCorr   .          Rampage  .   (no gloves)
Will    .....                   (no boots)
Stlth   ++........              (no amulet)
HPRegen 0.08/turn               f - +4 ring of protection
MPRegen 0.11/turn               j - +4 ring of slaying

@: no status effects
A: high MP 1, forlorn, divine attributes
a: no special abilities


You were on level 2 of the Dungeon.
You visited 1 branch of the dungeon, and saw 2 of its levels.

You collected 33 gold pieces.

Inventory:

Hand Weapons
 e - a +0 short sword (weapon)
 m - the +3 sling of Sin {freeze, Str+7}
   (You found it on level 2 of the Dungeon)

   Any ammunition fired from it freezes those it strikes, dealing additional
   cold damage.
   It can also slow down cold-blooded creatures.
   Str:       It affects your strength (+7).
Missiles
 d - 9 stones
Armour
 a - a +0 robe (worn)
 c - a +0 plate armour
Jewellery
 f - a +4 ring of protection (left hand)
 j - a +4 ring of slaying (right hand)
Scrolls
 g - a scroll of teleportation {unknown}
 h - a scroll of noise {unknown}
 l - 2 scrolls of magic mapping {unknown}
Potions
 i - a potion of curing {unknown}
 k - a potion of haste {unknown}


   Skills:
 + Level 1.8 Dodging
 + Level 2.0 Stealth
 + Level 2.4 Spellcasting
 + Level 0.8 Transmutations
 + Level 3.3 Earth Magic


You had 5 spell levels left.
You knew the following spells:

 Your Spells              Type           Power      Damage    Failure   Level
a - Sandblast             Erth           26%        2d8       4%          1

Your spell library contained the following spells:

 Spells                   Type           Power      Damage    Failure   Level
 Passwall                 Tmut/Erth      7%         N/A       12%         2
 Stone Arrow              Conj/Erth      14%        3d7       28%         3
 Petrify                  Tmut/Erth      9%         N/A       61%         4


Dungeon Overview and Level Annotations

Branches:
Dungeon (2/15)


Innate Abilities, Weirdness & Mutations

You have an increased reservoir of magic. (+10% MP)
You shall have no god before yourself.
Your divine heritage dramatically boosts your attributes as you level up.


Message History

Found an escape hatch in the floor.
Found a stone staircase leading up.
The blast of sand hits the gnoll.
The gnoll is moderately wounded.
The gnoll barely misses you.
The blast of sand hits the gnoll!
You kill the gnoll!
You have reached level 3!
Your experience leads to a dramatic increase in your attributes!
Increase (S)trength, (I)ntelligence, or (D)exterity?
You feel stronger. x4
A kobold and a gnoll come into view.
The kobold shouts!
A gnoll comes into view. It is wielding a +0 spear.
A gnoll comes into view. It is wielding a +0 spear.
The gnoll shouts! x2
You are out of magic!
Magic courses through your body.
The blast of sand hits the kobold.
The kobold is heavily wounded.
The kobold barely misses you. The kobold attacks as you move away!
The kobold barely misses you. The kobold attacks as you move away!
The kobold barely misses you. The kobold hits you with a +0 whip.
The gnoll attacks as you move away! The gnoll hits you with a +0 flail!
The gnoll attacks as you move away! The gnoll hits you with a +0 flail!
* * * LOW HITPOINT WARNING * * *
You are too injured to fight recklessly!
You are too injured to fight recklessly!
Casting: Sandblast (safe; 4% risk of failure)
Confirm with . or Enter, or press ? or * to list all spells.
Aiming: Sandblast (safe; 4% risk of failure)
Press: ? - help, Shift-Dir - straight line, f/p - kobold
Aim: a kobold, wielding a +0 whip (heavily wounded, 77% to hit)
The blast of sand hits the kobold.
You kill the kobold!
The gnoll hits you from afar with a +0 spear.
* * * LOW HITPOINT WARNING * * *
The gnoll hits you but does no damage.
The gnoll hits you from afar with a +0 spear.
You die...

##> #...#..#.........#.#.# #...
#.####...........#....
#...###.######..............
............###.#######.....
########...###....... #.....
.....#.....## ###.##. ###.....
........!...## #..#..........
............g#####...####...)..
........)....g@....## #.)....
............g####### .....).#
.............# ....>....
.............# .........#
.......^.....# .........#
....<.......## ......#
.....#.....## #########


You could see 3 gnolls.

Vanquished Creatures
  A gnoll (D:2)
  A dart slug (D:2)
  An endoplasm (D:1)
  2 giant cockroaches (D:1)
  A hobgoblin (D:2)
  4 jackals (D:2)
  A ball python (D:2)
  A bat (D:2)
  A frilled lizard (D:1)
  4 goblins
  5 kobolds
  5 rats
27 creatures vanquished.

Notes
Turn   | Place    | Note
-------+----------+-------------------------------------------
     0 | D:1      | fireball365 the Demigod Earth Elementalist began the quest
                  | for the Orb.
     0 | D:1      | Reached XP level 1. HP: 14/14 MP: 5/5
   255 | D:1      | Reached skill level 3 in Earth Magic
   605 | D:1      | Reached XP level 2. HP: 20/20 MP: 4/7
   806 | D:2      | Identified the +3 sling of Sin {freeze, Str+7}
   818 | D:2      | Reached XP level 3. HP: 23/26 MP: 0/9
   831 | D:2      | Slain by a gnoll

Illustrated notes

Levels and vault maps discovered:
D:1:      roderic_chinese_lattice_arrival, layout_basic
D:2:      layout_rooms

Skill      XL: |  1  2 |
---------------+-------+-----
Spellcasting   | 2 |  2.4
Earth Magic    | 3 |  3.3
Stealth        | 2 |  2.0
Dodging        | |  1.8
Transmutations | |  0.8

Action                   || total
-------------------------++-------
Melee: Short sword       ||    11
 Cast: Sandblast         ||    37
  Use: Potion            ||     1
Armor: Robe              ||    13
Dodge: Dodged            ||    37
